 Dungeon Crawl Stone Soup version bcrawl-1.36.5b (console) character file.

Game seed: 12561698303254704776

247246 CuBeRJAN3 the Destroyer (level 9, 0/45 HPs)
             Began as an Avariel Conjurer on Aug 31, 2022.
             Was a Believer of Sif Muna.
             Killed by nerve-wracking pain
             ... invoked by an orc priest
              (8 damage)
             ... on level 7 of the Dungeon on Sept 2, 2022.
             The game lasted 00:30:42 (7750 turns).

CuBeRJAN3 the Destroyer (Avariel Conjurer)          Turns: 7750, Time: 00:30:43

Health: 0/45       AC:  5    Str:  6    XL:     9   Next: 78%
Magic:  7/22       EV: 18    Int: 25    God:    Sif Muna [**....]
Gold:   224        SH:  0    Dex: 13    Spells: 12/22 levels left

rFire    . . .     GDR:     25% a - +0 dagger (speed)
rCold    . . .     SeeInvis .   (no shield)
rNeg     . . .     Gourm    .   k - +0 robe
rPois    .         Faith    .   (no helmet)
rElec    .         Spirit   .   (no cloak)
rCorr    .         Reflect  .   C - +2 pair of gloves
MR       .....                  (no boots)
Stlth    +++.......             (no amulet)
HPRegen  0.15/turn              v - ring of flight
MPRegen  0.18/turn              (no ring)

@: lethally poisoned (0 -> -4), flying quickly and evasively, quick
A: able to fly
a: Stop Flying, Divine Energy, Renounce Religion


You were on level 7 of the Dungeon.
You worshipped Sif Muna.
Sif Muna was pleased with you.
You were not hungry.

You visited 2 branches of the dungeon, and saw 9 of its levels.

You collected 399 gold pieces.
You spent 175 gold pieces at shops.

Inventory:

Hand Weapons
 a - a +0 dagger of speed (weapon)
 b - a +0 shortbow
Missiles
 h - 7 poisoned tomahawks (quivered)
 x - 745 arrows
Armour
 k - a +0 robe (worn)
 C - a +2 pair of gloves (worn)
Jewellery
 t - a cursed amulet of inaccuracy {unknown}
 v - a ring of flight (left hand)
 H - an uncursed ring of magical power {unknown}
Wands
 f - a wand of disintegration (12)
 l - a wand of paralysis (9)
 s - a wand of iceblast (17)
 F - a wand of polymorph (6)
Scrolls
 i - a scroll of identify
 j - 2 scrolls of amnesia {unknown}
 m - a scroll of enchant weapon {unknown}
 n - a scroll of fear {unknown}
 p - 4 scrolls of teleportation
 r - a scroll of magic mapping
 w - a scroll of blinking {unknown}
 y - 3 scrolls of enchant armour {unknown}
 D - a scroll of immolation {unknown}
 I - 4 scrolls of remove curse {unknown}
Potions
 c - a potion of magic
 d - 2 potions of haste
 g - 3 potions of flight
 o - a potion of lignification
 q - a potion of berserk rage {unknown}
 u - a potion of invisibility {unknown}
 z - a potion of curing
 A - a potion of mutation {unknown}
 B - a potion of ambrosia {unknown}
 E - a potion of brilliance {unknown}
 J - a potion of agility {unknown}
Comestibles
 e - 24 rations {!d}


   Skills:
 + Level 5.3 Bows
 + Level 6.6 Dodging
 + Level 6.6 Stealth
 + Level 7.4 Spellcasting
 + Level 9.1 Conjurations
 + Level 4.8 Evocations


You had 12 spell levels left.
You knew the following spells:

 Your Spells              Type           Power        Failure   Level  Hunger
a - Magic Dart            Conj           ####         1%          1    None
b - Searing Ray           Conj           ######..     1%          2    None
c - Iskenderun's Mystic   Conj           ######..     1%          3    None
d - Fulminant Prism       Conj/Hex       ####......   10%         4    ###....

Your spell library contained the following spells:

 Spells                   Type           Power        Failure   Level  Hunger
 Flame Tongue             Conj/Fire      ####.        1%          1    None
 Dazzling Orbs            Conj/Hex       ####...      3%          3    None
 Irradiate                Conj/Tmut      ####......   26%         5    #####..
 Bolt of Cold             Conj/Ice       ####......   83%         6    ######.
 Conjure Ball Lightning   Conj/Air       ####......   83%         6    ######.
 Shadow Creatures         Summ           N/A          100%        7    #######


Dungeon Overview and Level Annotations

Branches:
Dungeon (8/12)             Temple (1/1) D:6
   Lair: D:7-9          Orc: D:8-11

Altars:
Ashenzari
Cheibriados
Dithmenos
Elyvilon
Fedhas
Gozag
Hepliaklqana
Kikubaaqudgha
Lugonu
Makhleb
Nemelex Xobeh
Okawaru
Qazlal
Ru
Sif Muna
Trog
Uskayaw
Vehumet
Wu Jian
Yredelemnul
Zin
The Shining One

Shops:
D:4 }(

Annotations:
D:3 exclusion: orc warrior
D:8 Pikel


Innate Abilities, Weirdness & Mutations

You can fly continuously.


Message History

Casting: Searing Ray (safe; 1% risk of failure)
Confirm with . or Enter, or press ? or * to list all spells.
Aiming: Searing Ray (safe; 1% risk of failure)
Press: ? - help, Shift-Dir - straight line, f/p - kobold brigand
Aim: a kobold brigand, wielding a +0 short sword and carrying a wand of flame (16) (lightly wounded)
The searing ray hits the worker ant.
The worker ant is severely wounded. (Press . to maintain the ray.)
You feel sick. The worker ant misses you. The worker ant barely misses you.
The searing ray hits the worker ant!
You kill the worker ant!
Sif Muna accepts your kill.
The kobold brigand zaps a wand.
The puff of flame hits you!
* * * LOW HITPOINT WARNING * * *
The searing ray hits the orc priest!
The orc priest is severely wounded.
You feel sick.
The orc priest invokes the aid of Beogh against you.
Pain shoots through your body!
You die...

..# ###....###.......# #.
..######....# #.......# #.
..........#.###.......# #.
.#########...#.#......# #.
....).........#####.#.# #.
.....#####<..#.###.##.##########.
####.# ##.###.#................
#.######.....>.....###########
#.......o....K#.####
#.###########o#.# ######## #.#
#######@#.# #......###
#.#####.........# #.##.)....
#.......#####.### #.##...###
######### #.#######>######
#.........# ###########


You could see a kobold brigand and an orc priest.

Vanquished Creatures
  2 hippogriffs
  A basilisk (D:7)
  A hungry ghost (D:7)
  Edmund (D:6)
  2 ice beasts
  A sky beast (D:6)
  A black bear (D:7)
  3 ogres
  A phantom (D:7)
  A bullfrog (D:6)
  A centaur (D:6)
  2 scorpions (D:7)
  5 wights
  3 orc priests (D:4)
  5 howler monkeys
  A quasit (D:8)
  3 crimson imps (D:7)
  A jelly (D:5)
  5 hounds
  An orc wizard (D:3)
  3 iguanas
  4 worker ants
  2 hound skeletons
  6 adders
  An ooze (D:1)
  4 worms
  3 leopard geckos
  31 orcs
  5 ball pythons
  4 bats
  4 giant cockroaches
  6 goblins
  11 hobgoblins
  4 jackals
  A quokka (D:5)
  3 frilled lizards
  8 kobolds
  13 rats
154 creatures vanquished.

Vanquished Creatures (others)
  A fungus (D:7)
1 creature vanquished.

Grand Total: 155 creatures vanquished

Notes
Turn   | Place    | Note
-------+----------+-------------------------------------------
     0 | D:1      | CuBeRJAN3 the Avariel Conjurer began the quest for the Orb.
     0 | D:1      | Reached XP level 1. HP: 10/10 MP: 6/6
   100 | D:1      | Reached XP level 2. HP: 15/15 MP: 4/7
   154 | D:1      | Learned a level 2 spell: Searing Ray
   425 | D:1      | Reached XP level 3. HP: 19/19 MP: 6/9
  1078 | D:2      | Reached XP level 4. HP: 24/24 MP: 5/11
  1107 | D:2      | Learned a level 3 spell: Iskenderun's Mystic Blast
  1120 | D:2      | Learned a level 4 spell: Fulminant Prism
  1621 | D:3      | Reached skill level 6 in Conjurations
  1933 | D:3      | Noticed an orc warrior
  2061 | D:4      | Reached XP level 5. HP: 28/28 MP: 5/12
  2248 | D:4      | Found a basalt altar of Yredelemnul.
  2322 | D:4      | Reached XP level 6. HP: 29/32 MP: 5/14
  2518 | D:3      | HP: 2/48 [poisoned by an orc]
  3062 | D:4      | Found Miph's Gadget Shoppe.
  3072 | D:4      | Bought a wand of iceblast (8) for 175 gold pieces
  3158 | D:4      | Found Eril Giz's Antique Weapon Shoppe.
  3266 | D:4      | Reached XP level 7. HP: 36/36 MP: 16/16
  3278 | D:4      | Reached skill level 7 in Conjurations
  3637 | D:5      | Entered Level 5 of the Dungeon
  3763 | D:5      | Reached skill level 5 in Spellcasting
  3793 | D:5      | Found a shattered altar of Ashenzari.
  3896 | D:5      | Reached skill level 1 in Evocations
  4211 | D:5      | Reached skill level 1 in Bows
  4419 | D:6      | Found a hide-covered altar of Uskayaw.
  4535 | D:6      | Noticed a hippogriff
  4650 | D:6      | Found an ancient bone altar of Kikubaaqudgha.
  4752 | D:6      | Reached skill level 5 in Dodging
  4752 | D:6      | Reached XP level 8. HP: 41/41 MP: 10/18
  4759 | D:6      | Reached skill level 5 in Stealth
  4769 | D:6      | Noticed Edmund
  4781 | D:6      | Found a staircase to the Ecumenical Temple.
  4970 | Temple   | Entered the Ecumenical Temple
  5029 | Temple   | Became a worshipper of Sif Muna the Loreminder
  5053 | D:6      | Found an iron altar of Okawaru.
  5138 | D:6      | Killed Edmund
  6337 | D:6      | Reached * piety under Sif Muna
  6338 | D:6      | Reached skill level 8 in Conjurations
  6342 | D:6      | Killed a hippogriff
  6426 | D:7      | Noticed a tengu warrior
  6896 | D:7      | Identified Sif Muna's Papyrus of Supportive Confrontation
                  | (Sif Muna gifted it to you on level 7 of the Dungeon)
  6896 | D:7      | Received a gift from Sif Muna
  6897 | D:7      | Gained mutation: You can fly continuously. [Avariel growth]
  6897 | D:7      | Reached XP level 9. HP: 45/45 MP: 12/20
  7057 | D:7      | Noticed an elephant
  7101 | D:7      | Noticed a manticore
  7258 | D:7      | Found an ornate altar of the Wu Jian Council.
  7258 | D:7      | Found a faded altar of an unknown god.
  7323 | D:7      | Found a corrupted altar of Lugonu.
  7324 | D:7      | Found an opulent altar of Gozag.
  7329 | D:7      | Found a burning altar of Makhleb.
  7485 | D:7      | Reached skill level 5 in Bows
  7617 | D:8      | Noticed Pikel
  7645 | D:7      | Reached skill level 9 in Conjurations
  7727 | D:8      | Reached ** piety under Sif Muna
  7735 | D:8      | Noticed a centaur warrior
  7750 | D:7      | Killed from afar by an orc priest

Skill      XL: |  1  2  3  4  5  6  7  8  9 |
---------------+----------------------------+-----
Spellcasting   | 3 4 5 6 7 |  7.4
Dodging        | 3 4 5 6 |  6.6
Stealth        | 3 4 5 6 |  6.6
Conjurations   | 6 7 8 9 |  9.1
Evocations     | 2 3 4 |  4.8
Bows           | 2 4 5 |  5.3

Action                   |  1- 3 |  4- 6 |  7- 9 || total
-------------------------+-------+-------+-------++-------
Melee: Dagger            |       |     1 |       ||     1
 Fire: Shortbow          |       |     3 |    53 ||    56
Throw: Tomahawk          |       |     7 |    31 ||    38
 Cast: Magic Dart        |    49 |    43 |     5 ||    97
       Searing Ray       |     7 |    28 |    59 ||    94
       Iskenderun's Myst |       |     6 |     2 ||     8
  Use: Scroll            |     3 |       |     1 ||     4
       Potion            |       |     2 |       ||     2
  Eat: Chunk             |     2 |    10 |    17 ||    29
       Ration            |       |       |     1 ||     1
Armor: Robe              |     1 |     6 |    15 ||    22
Dodge: Dodged            |     1 |    46 |    72 ||   119
